Cogmind - Beta 17.1 @@@ ROGUE MODE // 2026.08.28 @ 23:48:43 Player: Infomantis Result: Destroyed by S-43 Plague with Heavy Machine Gun Performance ------------- Evolutions (7) 3500 Regions Visited (17) 3400 Robots Destroyed (192) 960 Value Destroyed (9043) 9043 Prototype IDs (32) 640 Alien Tech Used (2) 400 Bonus (8654) 8654 TOTAL SCORE: 26597 Bonus ------- High Alert Combat Kills 216 Follower Combat Kills 527 Subatomizer Sterilization 3000 Delivered SUBCON Basin 2000 Met Zhirov 300 Met Warlord at Base 500 MAIN.C Attacked Warlord 500 Warlord Defense Kills 1730 Friendly Fire -119 Cogmind --------- Core Integrity 0/1300 Matter 116/300 Energy 25/100 System Corruption 12% Temperature Cool (0) Movement Treading (145) Location -3/Quarantine Parts ------- > --- POWER (2) -------- (None) > --- PROPULSION (5) --- Biometal Medium Treads Antigrav System Antigrav System Antigrav System Antigrav System > --- UTILITY (8) ------ Quantum Shading Machine Deep Structural Scanner Machine Analyzer Advanced Signal Interpreter > --- WEAPON (6) ------- Hypervelocity Mass Driver RU-N14's Throwing Claymores v3 > --- INVENTORY (5) ---- RU-N14's Throwing Claymores v3 (5) RU-N14's Throwing Claymores v3 (5) RU-N14's Throwing Claymores v3 (5) RU-N14's Throwing Claymores v3 (3) Peak State ------------ > --- POWER ------------ Neutrino Core Light Quantum Reactor > --- PROPULSION ------- Myomer Leg Experimental Flexi-carbon Leg Enhanced Biometal Leg Enhanced Biometal Leg > --- UTILITY ---------- Advanced Cryofiber Web Advanced Heat Sink Advanced Cooling System Large Storage Unit Advanced Target Analyzer Advanced Hacking Suite Tech Extrapolator > --- WEAPON ----------- Dispersion Rifle Dispersion Rifle Dispersion Rifle Dispersion Rifle Dispersion Rifle Compact Linear Accelerator > --- INVENTORY -------- Light Antimatter Reactor Thunder Leg Experimental Coolant Injector Improved Medium Armor Plating Experimental Focal Shield Vortex Shotgun Vortex Shotgun Long-range Missile Launcher CPS Tube Multitool RU-N14's Throwing Claymores v3 RU-N14's Throwing Claymores v3 RU-N14's Throwing Claymores v3 RU-N14's Throwing Claymores v3 RU-N14's Throwing Claymores v3 [Rating: 141] Favorites ----------- Power Micro Fission Core Engine Light Ion Engine Power Core Micro Fission Core Reactor Light Antimatter Reactor Propulsion Armored Leg Treads Light Treads Leg Armored Leg Wheel Compact Wheel Hover Unit Antigrav System Flight Unit Xenon Bombardment Thruster Utility Large Storage Unit Device Advanced Cooling System Storage Large Storage Unit Processor Tech Extrapolator Hackware System Shield Protection Improved Medium Armor Plating Weapon Dispersion Rifle Energy Gun Dispersion Rifle Energy Cannon Heavy Plasma Cannon Ballistic Gun KE Penetrator Ballistic Cannon Compact Linear Accelerator Launcher Compact Tesla Bomb Launcher Special Weapon Multitool Slashing Weapon Chainsword Piercing Weapon Makeshift Spear Special Melee Weapon Dirty Datajack Build | -11 -10 -10 -10 -7 -7 -5 -5 -5 -5 -4 -4 -4 -4 -4 -3 -3 -3 ------- Run | Yrd Mat Min Sub Rec Scr Fac Upp Upp War Pro Fac Upp Upp Zhi Pro Res Qua Slots Evolved 14 | . . . . . . 10 . . . . 2 . . . . 2 . Power 1 | . . . . . . 1 . . . . . . . . . . . Propulsion 3 | . . . . . . 2 . . . . . . . . . 1 . Utility 6 | . . . . . . 3 . . . . 2 . . . . 1 . Weapon 4 | . . . . . . 4 . . . . . . . . . . . Parts Attached 201 | 6 5 4 13 . 1 42 12 2 21 4 44 5 8 4 3 18 9 Power 22 | 1 . 1 1 . . 8 . . . 1 5 1 . . 1 3 . Engine 3 | 1 . . 1 . . 1 . . . . . . . . . . . Core 12 | . . 1 . . . 6 . . . . 3 1 . . . 1 . Reactor 7 | . . . . . . 1 . . . 1 2 . . . 1 2 . Propulsion 43 | 2 . . 4 . . 10 . . 5 . 6 1 2 1 2 5 5 Treads 4 | 2 . . 1 . . . . . . . . . . . . . 1 Leg 27 | . . . . . . 8 . . 5 . 6 1 2 . 2 3 . Wheel 5 | . . . 3 . . 2 . . . . . . . . . . . Hover 6 | . . . . . . . . . . . . . . 1 . 1 4 Flight 1 | . . . . . . . . . . . . . . . . 1 . Utility 60 | 1 2 1 3 . . 11 4 1 6 1 17 1 4 2 . 3 3 Device 35 | . 2 . 2 . . 6 3 1 4 . 9 1 2 1 . 2 2 Storage 8 | 1 . 1 1 . . 1 1 . . 1 1 . . 1 . . . Processor 10 | . . . . . . 2 . . 1 . 5 . 1 . . . 1 Hackware 2 | . . . . . . . . . . . 1 . . . . 1 . Protection 5 | . . . . . . 2 . . 1 . 1 . 1 . . . . Artifact . | . . . . . . . . . . . . . . . . . . Weapon 76 | 2 3 2 5 . 1 13 8 1 10 2 16 2 2 1 . 7 1 Energy Gun 35 | 1 1 2 . . 1 3 5 1 3 2 13 1 . . . 2 . Energy Cannon 4 | . . . 1 . . . 1 . . . 1 . 1 . . . . Ballistic Gun 16 | 1 1 . 2 . . 5 1 . 3 . 1 . 1 1 . . . Ballistic Cannon 6 | . . . . . . . . . 1 . . 1 . . . 3 1 Launcher 4 | . . . 2 . . 1 . . . . 1 . . . . . . Special Weapon 5 | . 1 . . . . 1 1 . 2 . . . . . . . . Impact Weapon . | . . . . . . . . . . . . . . . . . . Slashing Weapon 1 | . . . . . . 1 . . . . . . . . . . . Piercing Weapon 4 | . . . . . . 1 . . 1 . . . . . . 2 . Special Melee Weapon 1 | . . . . . . 1 . . . . . . . . . . . Unidentified Prototypes 21 | . . . . . . . . . 9 . 3 . . 4 . 3 2 Corrupted Parts 2 | . . . . . . . . . . . . . . . 2 . . System Corruption 19 | . . . . . . . . . . . . . . . 19 . . Parts Lost 55 | . . 1 . . . 7 3 . 1 3 10 . 4 . 4 22 . Power 6 | . . . . . . . . . . . 3 . . . 1 2 . Propulsion 7 | . . . . . . . . . . . . . 1 . . 6 . Utility 14 | . . . . . . 3 2 . . . . . 2 . . 7 . Weapon 28 | . . 1 . . . 4 1 . 1 3 7 . 1 . 3 7 . Highest Loss Streak 13 | . . 1 . . . 2 2 . 1 1 6 . 4 . 4 13 . To Critical Strikes . | . . . . . . . . . . . . . . . . . . Average Backups 14 | 3 7 12 14 16 16 14 14 14 14 15 14 15 14 15 15 14 4 Power . | . 1 1 1 1 . 1 1 1 . . . . . . . . . Propulsion 1 | . . 1 1 2 2 1 1 1 1 1 1 . . . . . . Utility 5 | 1 4 6 7 7 7 4 5 6 3 4 3 4 4 5 5 4 . Weapon 5 | 1 2 3 4 4 4 4 4 4 7 8 7 8 8 8 8 7 4 Tool/Special . | . . . . . . . . . . . . . . . . . . Unused Backups 31 | . 3 . 2 . 3 7 3 . 5 . . . 2 . . 2 4 Power 3 | . . . . . 1 . 1 . 1 . . . . . . . . Propulsion 3 | . . . 1 . . 2 . . . . . . . . . . . Utility 14 | . 2 . 1 . 2 4 . . 2 . . . 2 . . 1 . Weapon 9 | . 1 . . . . 1 1 . 2 . . . . . . . 4 Tool/Special 2 | . . . . . . . 1 . . . . . . . . 1 . Average Slot Usage (%) 92 | . 98 100 97 85 85 87 94 90 98 96 97 100 99 98 95 84 37 Engine 3 | . 14 6 . 14 14 2 . . . . . . . . . . . Core 6 | . . 7 13 . . 6 11 11 11 7 2 10 10 10 6 2 . Reactor 1 | . . . . . . 1 . . . 2 6 . . . 2 3 . Treads 4 | . 28 28 23 . . . . . . . . . . . . . 2 Leg 13 | . . . . . . 19 21 23 23 23 20 21 20 21 21 18 . Wheel 5 | . . . 3 28 28 1 . . . . . . . . . . . Device 10 | . 12 14 11 . . 8 9 7 16 11 14 15 14 12 14 14 5 Storage 8 | . 14 14 14 14 14 6 5 5 5 5 5 5 5 5 5 3 . Processor 6 | . . . . . . 4 5 5 5 5 14 15 15 15 15 13 7 Protection 1 | . . . . . . 3 3 . . 4 . . . . . 1 . Energy Gun 11 | . 13 14 5 . 5 8 16 17 14 17 23 11 14 13 8 4 . Energy Cannon 1 | . . . . . . . 3 5 4 . . 5 2 5 4 . . Ballistic Gun 12 | . 14 14 22 28 22 15 11 11 10 6 . 5 5 6 9 2 . Ballistic Cannon 2 | . . . . . . . . . . 5 2 7 7 5 5 14 2 Peak Build Rating 141 | 6 9 11 30 31 36 89 92 92 116 115 141 124 127 117 119 137 72 Average Rating 75 | 5 8 9 14 30 32 73 83 84 99 110 131 119 116 112 109 110 52 On Entrance 65 | . 6 9 11 30 31 35 80 83 92 111 110 121 124 114 115 87 13 Avg Prop Armor Cover (%) 11 | . . . 11 . . 8 . . . . 8 . . . . 7 27 Naked Turns . | . . . . . . . . . . . . . . . . . . Heaviest Build 211 | 12 16 31 211 209 211 68 74 66 70 78 96 81 81 77 80 95 23 Greatest Support 130 | 40 40 40 40 26 26 71 71 71 110 110 110 103 96 88 88 130 44 Greatest Overweight (x) 13 | . . . 13 8 8 3 1 . . . 1 . 1 1 . 1 4 Average Overweight (x) 1 | . . . 1 8 8 . . . . . . . . . . . . Largest Inventory Capacity 35 | 8 8 15 35 35 35 35 15 15 15 15 15 15 15 15 15 15 5 Average Capacity 18 | 7 8 13 18 35 35 15 15 15 15 15 15 15 15 15 15 14 5 Most Carried 35 | 7 8 14 35 35 35 34 15 15 15 15 15 15 15 15 15 15 5 Average Carried 18 | 3 7 12 16 34 34 14 14 14 14 15 14 14 14 15 15 14 4 Final Capacity 35 | 8 8 15 35 35 35 15 15 15 15 15 15 15 15 15 15 5 5 Final Carried 35 | 7 8 14 35 35 35 15 15 14 15 15 15 15 15 15 15 5 4 Class Distribution -------------------- 34% | Scavenger-Executioner 17% | Mutant 17% | Commander-Mutant 9% | Derelict-Executioner 8% | Executioner Dominant Class ---------------- Mutant | -10/Materials Mutant | -10/Mines Mutant | -10/Subcaves Commander-Mutant | -7/Recycling Commander-Mutant | -7/Scraptown Scavenger-Executioner | -5/Factory Derelict-Executioner | -5/Upper Caves Derelict-Executioner | -5/Upper Caves Commander-Executioner | -5/Warlord Scavenger-Executioner | -4/Proximity Caves Executioner | -4/Factory Scavenger-Executioner | -4/Upper Caves Scavenger-Executioner | -4/Upper Caves Scavenger-Executioner | -4/Zhirov Scavenger-Executioner | -3/Proximity Caves Scavenger-Executioner | -3/Research Mutant | -3/Quarantine Resources | -11 -10 -10 -10 -7 -7 -5 -5 -5 -5 -4 -4 -4 -4 -4 -3 -3 -3 ----------- Run | Yrd Mat Min Sub Rec Scr Fac Upp Upp War Pro Fac Upp Upp Zhi Pro Res Qua Matter Collected 6335 | 276 82 93 372 133 30 1337 511 62 668 221 836 232 198 100 279 905 . Remotely . | . . . . . . . . . . . . . . . . . . Salvage Created 9566 | 130 166 182 167 312 . 1629 426 . 833 559 3041 114 471 173 218 1135 10 Parts 393 | 14 14 8 14 10 . 85 15 . 26 29 100 6 14 8 8 42 . Haulers Intercepted 4 | . . . . . . . . . . . 3 . . . . 1 . Recyclers Shooed 14 | . . 2 . 2 . 2 . . . . 5 . . . . 3 . Parts Field Recycled . | . . . . . . . . . . . . . . . . . . Retrieved Matter . | . . . . . . . . . . . . . . . . . . Parts Self-Destructed 61 | . . . 2 . . . 7 . . 27 . 5 10 5 5 . . Prevented 19 | . . . . . . . . . . 5 . . 7 2 5 . . Parts Restored . | . . . . . . . . . . . . . . . . . . Kills | -11 -10 -10 -10 -7 -7 -5 -5 -5 -5 -4 -4 -4 -4 -4 -3 -3 -3 ------- Run | Yrd Mat Min Sub Rec Scr Fac Upp Upp War Pro Fac Upp Upp Zhi Pro Res Qua Combat Hostiles Destroyed 153 | . 5 4 5 2 . 33 10 . 15 10 35 2 8 . 6 16 2 Melee 2 | . . . . . . 1 . . . . . . . . . 1 . Guns 113 | . 5 4 4 2 . 28 3 . 13 8 29 . 8 . 4 5 . Cannons 18 | . . . . . . . 1 . . 1 5 2 . . 2 7 . AOE 16 | . . . 1 . . 4 6 . . . . . . . . 3 2 Classes Destroyed 22 | 2 3 . 3 2 . 5 . . 3 1 3 . . . . . . Worker 4 | . . . . . . 2 . . . . 1 . . . . 1 . Builder 4 | . . . . . . 2 . . . . 1 . . . . 1 . Tunneler 5 | 4 . . . . . 1 . . . . . . . . . . . Hauler 4 | . . . . . . . . . . . 3 . . . . 1 . Recycler 15 | 1 . . . 3 . 1 . . . . 6 . . . . 4 . Minesweeper 1 | . . . . . . . . . . 1 . . . . . . . Operator 2 | . . . . . . . . . . . 2 . . . . . . Turret 1 | . . . 1 . . . . . . . . . . . . . . Watcher 3 | . 2 . . . . . . . . . . . . . . 1 . Swarmer 40 | . 3 . 1 . . 8 . . 3 3 6 . 1 . 4 9 2 Grunt 49 | . 2 4 . . . 13 7 . 3 4 8 1 6 . . 1 . Brawler 3 | . . . . . . 1 1 . 1 . . . . . . . . Duelist 3 | . . . . . . 1 1 . . . 1 . . . . . . Protector 3 | . . . . . . . . . 3 . . . . . . . . Sentry 11 | . . . . 1 . 2 1 . . 1 3 1 1 . 1 . . Specialist 1 | . . . . . . . . . 1 . . . . . . . . Hunter 5 | . . . . . . 1 . . 2 . 2 . . . . . . Programmer 31 | . . . . 1 . 7 . . 1 2 14 . . . . 6 . Behemoth 2 | . . . . . . . . . . . 1 . . . 1 . . Striker 1 | . . . . . . . . . 1 . . . . . . . . Artisan 1 | . . . 1 . . . . . . . . . . . . . . Subdweller 4 | . . . 4 . . . . . . . . . . . . . . Best Kill Streak 7 | 2 3 2 1 3 . 5 7 . 6 3 4 1 6 . 4 6 2 Combat Bots Only 7 | . 3 2 1 1 . 5 7 . 6 3 3 1 6 . 4 5 2 Max Kills in Single Turn 3 | 1 1 1 1 1 . 2 3 . 2 1 3 1 2 . 2 2 2 Gunslinging 2 | . . . . . . 1 . . . . 2 . 1 . 1 . . Exploded 3 | . . . 1 . . 2 3 . . . . . . . . 2 2 Melee 1 | . . . . . . 1 . . . . . . . . . 1 . Uniques/NPCs Destroyed . | . . . . . . . . . . . . . . . . . . Combat | -11 -10 -10 -10 -7 -7 -5 -5 -5 -5 -4 -4 -4 -4 -4 -3 -3 -3 -------- Run | Yrd Mat Min Sub Rec Scr Fac Upp Upp War Pro Fac Upp Upp Zhi Pro Res Qua Hostile Shots Fired 1034 | . 30 20 14 38 . 186 47 . 43 61 221 6 66 . 49 234 19 Missed 354 | . 8 7 2 12 . 47 19 . 19 22 87 1 22 . 15 90 3 Hits 680 | . 22 13 12 26 . 139 28 . 24 39 134 5 44 . 34 144 16 Melee 2 | . . . . . . 1 . . . . 1 . . . . . . Projectile 678 | . 22 13 12 26 . 138 28 . 24 39 133 5 44 . 34 144 16 AOE 2 | . . . 1 . . . . . 1 . . . . . . . . Critical Strikes 34 | . . . . . . 12 . . 3 1 6 . 1 . . 11 . Actively Blocked 3 | . . . . . . . . . 3 . . . . . . . . Part Disruptions 2 | . . . . . . . . . . . . . . . . 2 . Damage Taken 13870 | . 245 180 318 185 . 2700 640 . 660 742 2562 96 896 . 695 3586 365 Core 2251 | . 52 12 . 49 . 247 61 . 101 33 236 . 105 . 42 1272 41 Absorbed by Shields 211 | . . . . 60 . 151 . . . . . . . . . . . Ignored by Resistances 114 | . . . . . . . . . . . . . . . 114 . . Regen/Repaired (Parts) 594 | . . . . . 276 . . . 251 . 67 . . . . . . Core Remaining (%) 68 | 100 . . . . 54 . . . . 55 . . . . 66 . . Volleys Fired 471 | 16 24 13 25 16 . 74 48 . 41 22 88 5 11 6 16 56 10 Largest 6 | 2 2 2 2 2 . 6 3 . 5 5 6 5 4 2 5 6 1 Hottest 498 | 60 100 85 100 55 . 300 147 . 303 318 498 312 273 116 284 330 56 Shots Fired 1415 | 30 47 24 43 32 . 233 69 1 194 105 370 21 39 9 64 124 10 Gun 1193 | 30 46 24 36 32 . 229 27 1 174 102 336 12 38 6 50 50 . Cannon 197 | . . . 1 . . . 35 . 20 3 34 9 1 3 14 69 8 Launcher 20 | . . . 5 . . 4 6 . . . . . . . . 5 . Special 5 | . 1 . 1 . . . 1 . . . . . . . . . 2 Kinetic 630 | 16 23 13 28 32 . 180 23 1 77 35 37 13 11 6 40 87 8 Thermal 712 | 14 24 11 14 . . 49 38 . 117 61 319 8 24 . 15 18 . Explosive 11 | . . . 1 . . 4 4 . . . . . . . . . 2 Electromagnetic 50 | . . . . . . . 3 . . 9 14 . . 3 4 17 . Entropic 11 | . . . . . . . . . . . . . 4 . 5 2 . Robot Hit Streak 33 | 4 12 6 8 7 . 14 12 . 33 7 14 9 13 5 7 10 6 Robot Miss Streak 10 | 2 9 1 1 2 . 7 6 . 5 4 6 3 2 2 3 10 4 Penetration Max 1 | . . . . . . 1 . . 1 1 . . . . . . . Secondary Targets 27 | . 2 1 . . . 5 . . 4 . 6 . 5 . 3 1 . Max Gunslinging Chain 2 | . 1 1 . . . 1 . . 1 . 2 . 1 . 2 1 . Shots Hit Robots 804 | 18 25 17 25 21 . 138 28 . 114 54 221 9 30 5 39 58 2 Core Hits 412 | 9 11 9 16 9 . 76 26 . 58 24 98 4 16 4 16 34 2 Critical Kills 17 | . . . . . . 4 1 . 1 1 8 1 1 . . . . Critical Parts Destroyed 25 | . . . . . . 2 . . . . 22 . . . . . 1 Critical Strikes 66 | . 1 . . . . 6 1 . 8 3 39 1 1 . 1 4 1 Burn 13 | . 1 . . . . . . . 7 1 3 . . . . 1 . Destroy 44 | . . . . . . 6 1 . 1 1 31 1 1 . 1 . 1 Blast 7 | . . . . . . . . . . . 4 . . . . 3 . Corrupt 2 | . . . . . . . . . . 1 1 . . . . . . Melee Attacks 7 | . . . . . . 5 . . 1 . . . . . . 1 . Impact . | . . . . . . . . . . . . . . . . . . Slashing 2 | . . . . . . 2 . . . . . . . . . . . Piercing 4 | . . . . . . 3 . . . . . . . . . 1 . Entropic 1 | . . . . . . . . . 1 . . . . . . . . Sneak Attacks 1 | . . . . . . 1 . . . . . . . . . . . Combat Hostiles 1 | . . . . . . 1 . . . . . . . . . . . Follow-up Attacks . | . . . . . . . . . . . . . . . . . . Damage Inflicted 25019 | 178 294 235 645 410 . 4821 1535 . 2737 1177 6896 227 849 135 1180 3350 350 Guns 17204 | 178 294 230 362 410 . 3524 305 . 2469 1139 5941 83 849 93 809 518 . Cannons 4105 | . . . . . . . 351 . 268 38 894 144 . 42 371 1978 19 Explosions 3421 | . . . 283 . . 1218 879 . . . . . . . . 752 289 Melee 64 | . . . . . . 64 . . . . . . . . . . . Ramming 183 | . . 5 . . . 15 . . . . 61 . . . . 102 . Kinetic 10277 | 85 100 115 411 410 . 2780 558 . 1063 503 948 200 250 93 633 2109 19 Thermal 10316 | 93 194 115 118 . . 744 435 . 1674 547 5611 27 384 . 215 159 . Explosive 2229 | . . . 116 . . 1218 516 . . . . . . . . 90 289 Electromagnetic 1370 | . . . . . . . 26 . . 127 276 . . 42 90 809 . Impact . | . . . . . . . . . . . . . . . . . . Slashing 104 | . . . . . . 62 . . . . . . . . . . 42 Piercing 2 | . . . . . . 2 . . . . . . . . . . . Entropic 538 | . . . . . . . . . . . . . 215 . 242 81 . Highest Corruption 19 | . . . . 1 1 17 17 17 17 1 5 . . . 19 12 12 Average Corruption 9 | . . . . 1 1 12 17 17 17 1 3 . . . 18 4 12 Corruption Purged 8 | . . . . . . . . . . . 8 . . . . . . Corruption Blocked . | . . . . . . . . . . . . . . . . . . Effects 236 | . . . . 10 . 68 76 26 2 9 18 . . . 9 11 7 Message Errors 52 | . . . . 2 . 15 17 5 . 2 3 . . . 1 5 2 Matter Fused 45 | . . . . 3 . 13 13 5 . 1 6 . . . 1 2 1 Heat Flow Errors 27 | . . . . 1 . 9 6 4 1 1 1 . . . 3 1 . Energy Discharges 31 | . . . . 1 . 7 9 4 . 2 4 . . . 1 1 2 Parts Rejected 2 | . . . . . . . 1 . . . . . . . . 1 . Parts Fused 2 | . . . . . . 1 . . . 1 . . . . . . . Data Loss (minor) 27 | . . . . 2 . 6 13 2 . . 2 . . . 1 . 1 Data Loss (major) 19 | . . . . 1 . 5 6 4 1 1 . . . . . . 1 Misfires 11 | . . . . . . 3 5 1 . 1 . . . . 1 . . Alerts 5 | . . . . . . 1 1 1 . . 1 . . . 1 . . Misdirections 2 | . . . . . . 1 . . . . . . . . . 1 . Weapon Failures 13 | . . . . . . 7 5 . . . 1 . . . . . . Overload Shots . | . . . . . . . . . . . . . . . . . . Overflow Damage 252 | . . . 25 . . . 11 . . . 33 . . . . 183 . Projectiles 203 | . . . . . . . 3 . . . 33 . . . . 167 . Explosions 47 | . . . 25 . . . 8 . . . . . . . . 14 . Melee 2 | . . . . . . . . . . . . . . . . 2 . Knockbacks 31 | . . . . . . . . . . . 3 4 . . . 24 . Impact 1 | . . . . . . . . . . . . . . . . 1 . Kinetic 26 | . . . . . . . . . . . 3 4 . . . 19 . Secondary 4 | . . . . . . . . . . . . . . . . 4 . Self-Inflicted Damage 423 | . . . 45 . . 102 69 . . . . . . . . 207 . Shots 11 | . . . 1 . . 2 3 . . . . . . . . 5 . Rammed 6 | . . 4 . . . . . . . . . . . . . 2 . Targets Rammed 32 | . . 4 . . . 2 . . . . 6 . . . . 20 . Kicked 26 | . . . . . . 2 . . . . 6 . . . . 18 . Crushed . | . . . . . . . . . . . . . . . . . . Highest Temperature 494 | 40 216 219 . 220 . 427 248 215 347 210 494 308 188 . 167 293 . Average Temperature 93 | 19 63 83 . 48 . 120 65 90 74 78 136 142 88 . 38 94 . Received Heat Transfer 1851 | . 90 99 24 45 . 316 165 . 72 66 297 21 195 . 36 425 . Effects 4 | . . . . . . 2 . . . . 1 1 . . . . . Shutdowns 1 | . . . . . . . . . . . 1 . . . . . . Energy Bleed 1 | . . . . . . 1 . . . . . . . . . . . Interference 2 | . . . . . . 1 . . . . . 1 . . . . . Siege Activations . | . . . . . . . . . . . . . . . . . . Martial Activations . | . . . . . . . . . . . . . . . . . . Shielding Activations . | . . . . . . . . . . . . . . . . . . Robots Disrupted . | . . . . . . . . . . . . . . . . . . Combat Hostiles . | . . . . . . . . . . . . . . . . . . Robots Corrupted 1 | . . . . . . . . . . . . . . . . 1 . Combat Hostiles . | . . . . . . . . . . . . . . . . . . Parts Fried 8 | . . . . . . . . . . . . . . . . 8 . Impact Corruptions 3 | . . . . . . . . . . . . . . . . 3 . Robots Melted 5 | . . . . . . 1 . . 2 1 1 . . . . . . Combat Hostiles 4 | . . . . . . . . . 2 1 1 . . . . . . Parts Melted 33 | . . 1 . . . 3 . . 6 3 17 . 3 . . . . Heat Transferred 16709 | 200 520 284 296 . . 1418 650 . 2829 1157 7659 37 709 . 500 450 . Parts Sabotaged 3 | . . . . . . 3 . . . . . . . . . . . Parts Stolen . | . . . . . . . . . . . . . . . . . . Parts Stripped . | . . . . . . . . . . . . . . . . . . Power Chain Reactions 1 | . . . . . . . 1 . . . . . . . . . . Alert | -11 -10 -10 -10 -7 -7 -5 -5 -5 -5 -4 -4 -4 -4 -4 -3 -3 -3 ------- Run | Yrd Mat Min Sub Rec Scr Fac Upp Upp War Pro Fac Upp Upp Zhi Pro Res Qua Maximum Alert Level 2 | . . . . . . 2 . . . . 2 . . . . 1 1 Low Security (%) 57 | 100 100 100 . 100 . 53 . . . . 22 . . . . 52 93 Level 1 24 | . . . . . . 14 . . . . 47 . . . . 47 6 Level 2 17 | . . . . . . 32 . . . . 30 . . . . . . Level 3 . | . . . . . . . . . . . . . . . . . . Level 4 . | . . . . . . . . . . . . . . . . . . Level 5 . | . . . . . . . . . . . . . . . . . . High Security . | . . . . . . . . . . . . . . . . . . Max Security . | . . . . . . . . . . . . . . . . . . Sterilizations 1 | . . . . . . 1 . . . . . . . . . . . Peak Influence 524 | 10 73 50 . 118 . 496 . . . . 524 . . . . 397 214 Initial 171 | . . 18 . . . . . . . . . . . . . . 171 Average 173 | . 15 11 . 23 . 217 . . . . 302 . . . . 129 142 Influence Increases 5457 | 25 179 115 100 269 . 1273 225 . 377 340 1258 40 191 15 155 772 123 Destroy 0b10 Robot/C 3220 | . 100 80 40 100 . 800 200 . 320 200 700 40 160 . 120 320 40 Destroy 0b10 Robot/NC 230 | 25 10 . . 15 . 40 . . 15 5 65 . . 15 . 40 . Destroy Leader 506 | . 24 20 . . . 152 10 . . 30 176 . 20 . 20 54 . Allied During Kill 157 | . . . . 48 . 56 . . 42 . . . 11 . . . . Successful Hack 47 | . . . . . . . . . . . 47 . . . . . . Select Force Hacks 90 | . . . . 90 . . . . . . . . . . . . . Disable Machine 270 | . 15 . . . . 45 . . . . 120 . . . . 45 45 Destroy Structure 322 | . . . . 16 . 120 . . . . 30 . . . . 118 38 Partial Spotted 45 | . . . . . . 15 . . . . 15 . . . . 15 . Lose Combat Pursuer 570 | . 30 15 60 . . 45 15 . . 105 105 . . . 15 180 . Influence Decreases 5243 | 25 131 163 100 269 . 832 638 28 202 515 738 560 191 15 155 466 215 Entered New Map 703 | . . 30 . . . . 164 6 . 175 . 193 . . . . 135 Time Decay 3726 | 25 131 133 100 229 . 572 444 22 92 320 644 367 151 15 155 246 80 Lost Part 484 | . . . . . . 70 30 . 10 20 94 . 40 . . 220 . Lost Ally 330 | . . . . 40 . 190 . . 100 . . . . . . . . Squads Dispatched 29 | . 1 . . . . 8 . . . 1 14 . . . . 5 . Investigation 4 | . . . . . . 2 . . . . 2 . . . . . . Extermination 13 | . . . . . . 3 . . . . 6 . . . . 4 . Reinforcement 4 | . 1 . . . . 1 . . . . 1 . . . . 1 . Assault 5 | . . . . . . 2 . . . 1 2 . . . . . . Garrison 3 | . . . . . . . . . . . 3 . . . . . . Intercept . | . . . . . . . . . . . . . . . . . . Searches Triggered . | . . . . . . . . . . . . . . . . . . Construction Impeded 2 | . . . . . . 1 . . . . . . . . . 1 . Haulers Reinforced . | . . . . . . . . . . . . . . . . . . Active Scanning Responses . | . . . . . . . . . . . . . . . . . . Cargo Convoy Interrupts . | . . . . . . . . . . . . . . . . . . Stealth | -11 -10 -10 -10 -7 -7 -5 -5 -5 -5 -4 -4 -4 -4 -4 -3 -3 -3 --------- Run | Yrd Mat Min Sub Rec Scr Fac Upp Upp War Pro Fac Upp Upp Zhi Pro Res Qua Distress Signals 5 | . 1 . . . . . . . 1 . . . . . . 3 . Communications Jammed 1 | . . . . . . . . . . . . . . . . 1 . Distress Signals 1 | . . . . . . . . . . . . . . . . 1 . Times Spotted 285 | . 12 4 15 5 . 47 10 . 57 15 53 2 8 . 7 46 4 Peak Tracking Total 14 | . 4 2 3 1 . 5 7 . 13 7 6 1 4 . 4 14 3 Tactical Retreats 21 | . 2 1 1 . . 3 1 . . 3 5 . . . 1 4 . Traps | -11 -10 -10 -10 -7 -7 -5 -5 -5 -5 -4 -4 -4 -4 -4 -3 -3 -3 ------- Run | Yrd Mat Min Sub Rec Scr Fac Upp Upp War Pro Fac Upp Upp Zhi Pro Res Qua Traps Triggered 4 | . . . . . . 1 . . 1 . 1 . . . . 1 . Indirectly . | . . . . . . . . . . . . . . . . . . Trap Hack Attempts . | . . . . . . . . . . . . . . . . . . Triggered . | . . . . . . . . . . . . . . . . . . Disarmed . | . . . . . . . . . . . . . . . . . . Reprogrammed . | . . . . . . . . . . . . . . . . . . Reused . | . . . . . . . . . . . . . . . . . . Traps Extracted . | . . . . . . . . . . . . . . . . . . Installed . | . . . . . . . . . . . . . . . . . . Triggered . | . . . . . . . . . . . . . . . . . . Machines | -11 -10 -10 -10 -7 -7 -5 -5 -5 -5 -4 -4 -4 -4 -4 -3 -3 -3 ---------- Run | Yrd Mat Min Sub Rec Scr Fac Upp Upp War Pro Fac Upp Upp Zhi Pro Res Qua Machines Disabled 25 | . 1 . 3 . . 4 . . 1 . 8 . . 2 . 3 3 Max in Single Turn 3 | . 1 . 3 . . 1 . . 1 . 2 . . 1 . 2 2 Garrison Access 4 | . . . . . . 3 . . . . 1 . . . . . . Machines Repaired . | . . . . . . . . . . . . . . . . . . Machines Dismantled . | . . . . . . . . . . . . . . . . . . Machines Sabotaged . | . . . . . . . . . . . . . . . . . . Overloaded Fab Kills . | . . . . . . . . . . . . . . . . . . Hacking | -11 -10 -10 -10 -7 -7 -5 -5 -5 -5 -4 -4 -4 -4 -4 -3 -3 -3 --------- Run | Yrd Mat Min Sub Rec Scr Fac Upp Upp War Pro Fac Upp Upp Zhi Pro Res Qua Machines Accessed 34 | . 1 . 3 6 . 4 1 1 1 . 9 . 2 4 . 2 . Terminals 11 | . 1 . . 3 . 3 . . . . 3 . . . . 1 . Fabricators 3 | . . . . . . 1 . . . . 2 . . . . . . Repair Stations 1 | . . . . . . . . . . . 1 . . . . . . Recycling Units 5 | . . . . 3 . . . . . . 1 . . . . 1 . Scanalyzers 1 | . . . . . . . . . . . 1 . . . . . . Garrison Access 1 | . . . . . . . . . . . 1 . . . . . . Total Hacks 80 | . 4 . 5 10 . 8 1 1 1 . 24 . 5 16 . 5 . Successful 51 | . 1 . 5 5 . 1 1 1 1 . 14 . 5 16 . 1 . Failed 29 | . 3 . . 5 . 7 . . . . 10 . . . . 4 . Catastrophic 11 | . 1 . . 1 . 4 . . . . 4 . . . . 1 . Database Lockouts . | . . . . . . . . . . . . . . . . . . Manual 30 | . 4 . . 12 . 8 . . . . 6 . . . . . . Terminals 27 | . 4 . . 6 . 7 . . . . 7 . . . . 3 . Fabricators 5 | . . . . . . 1 . . . . 4 . . . . . . Repair Stations 7 | . . . . . . . . . . . 7 . . . . . . Recycling Units 9 | . . . . 4 . . . . . . 3 . . . . 2 . Scanalyzers 2 | . . . . . . . . . . . 2 . . . . . . Garrison Access 1 | . . . . . . . . . . . 1 . . . . . . Terminal Hacks 32 | . 1 . 5 . . . 1 1 1 . 2 . 5 16 . . . Record 12 | . . . 3 . . . . . . . . . 4 5 . . . Part Schematic 3 | . . . . . . . . . . . . . . 3 . . . Robot Analysis 4 | . . . . . . . . . . . . . . 4 . . . Prototype ID Bank 4 | . . . . . . . . . . . . . . 4 . . . Open Door 5 | . . . 1 . . . 1 1 1 . . . 1 . . . . Maintenance Status 1 | . 1 . . . . . . . . . . . . . . . . Patrol Status 1 | . . . . . . . . . . . 1 . . . . . . Registered Components 1 | . . . . . . . . . . . 1 . . . . . . Release Object 1 | . . . 1 . . . . . . . . . . . . . . Fabricator Hacks 3 | . . . . . . . . . . . 3 . . . . . . Network Status 1 | . . . . . . . . . . . 1 . . . . . . Load Schematic 1 | . . . . . . . . . . . 1 . . . . . . Build 1 | . . . . . . . . . . . 1 . . . . . . Repair Station Hacks 4 | . . . . . . . . . . . 4 . . . . . . Scan Component 3 | . . . . . . . . . . . 3 . . . . . . Repair 1 | . . . . . . . . . . . 1 . . . . . . Recycling Unit Hacks 2 | . . . . . . . . . . . 1 . . . . 1 . Report Inventory 2 | . . . . . . . . . . . 1 . . . . 1 . Scanalyzer . | . . . . . . . . . . . . . . . . . . Garrison Access Hacks 1 | . . . . . . . . . . . 1 . . . . . . Seal Access 1 | . . . . . . . . . . . 1 . . . . . . Unauthorized Hacks 9 | . . . . 5 . 1 . . . . 3 . . . . . . Terminals 3 | . . . . 2 . . . . . . 1 . . . . . . Botnet 1 | . . . . . . . . . . . 1 . . . . . . Skim 2 | . . . . 2 . . . . . . . . . . . . . Fabricators 1 | . . . . . . 1 . . . . . . . . . . . Liberate 1 | . . . . . . 1 . . . . . . . . . . . Repair Stations . | . . . . . . . . . . . . . . . . . . Recycling Units 5 | . . . . 3 . . . . . . 2 . . . . . . Reject 1 | . . . . . . . . . . . 1 . . . . . . Recyclers 1 | . . . . . . . . . . . 1 . . . . . . Tunnel 3 | . . . . 3 . . . . . . . . . . . . . Scanalyzers . | . . . . . . . . . . . . . . . . . . Garrison Access . | . . . . . . . . . . . . . . . . . . Data Cores Recovered 1 | . . . . . . . . . . . 1 . . . . . . Used . | . . . . . . . . . . . . . . . . . . Hacking Detections 14 | . 1 . . 3 . 1 . . . . 7 . . . . 2 . Full Trace Events 5 | . . . . 1 . 2 . . . . 2 . . . . . . Feedback Events . | . . . . . . . . . . . . . . . . . . Feedback Blocked . | . . . . . . . . . . . . . . . . . . Robot Schematics Acquired . | . . . . . . . . . . . . . . . . . . Robots Built . | . . . . . . . . . . . . . . . . . . Authchips . | . . . . . . . . . . . . . . . . . . Time . | . . . . . . . . . . . . . . . . . . Total Robot Build Rating . | . . . . . . . . . . . . . . . . . . Part Schematics Acquired 35 | . . . . . . 8 6 1 10 2 5 . . 3 . . . Parts Built 1 | . . . . . . . . . . . 1 . . . . . . Authchips . | . . . . . . . . . . . . . . . . . . Time 84 | . . . . . . . . . . . 84 . . . . . . Total Part Build Rating 4 | . . . . . . . . . . . 4 . . . . . . Part Studies Acquired . | . . . . . . . . . . . . . . . . . . Parts Repaired 1 | . . . . . . . . . . . 1 . . . . . . Time 74 | . . . . . . . . . . . 74 . . . . . . Parts Recycled . | . . . . . . . . . . . . . . . . . . Recycled Matter . | . . . . . . . . . . . . . . . . . . Retrieved Matter . | . . . . . . . . . . . . . . . . . . Retrieved Components . | . . . . . . . . . . . . . . . . . . Parts Scanalyzed . | . . . . . . . . . . . . . . . . . . Part Schematics Acquired . | . . . . . . . . . . . . . . . . . . Parts Damaged . | . . . . . . . . . . . . . . . . . . Bothacking | -11 -10 -10 -10 -7 -7 -5 -5 -5 -5 -4 -4 -4 -4 -4 -3 -3 -3 ------------ Run | Yrd Mat Min Sub Rec Scr Fac Upp Upp War Pro Fac Upp Upp Zhi Pro Res Qua Used RIF Installer . | . . . . . . . . . . . . . . . . . . Robots Hacked . | . . . . . . . . . . . . . . . . . . Non-combat . | . . . . . . . . . . . . . . . . . . Combat . | . . . . . . . . . . . . . . . . . . Robot Hacks Applied . | . . . . . . . . . . . . . . . . . . Relay Couplers Released 3 | . . . . . . 3 . . . . . . . . . . . Machine Destruction 3 | . . . . . . 3 . . . . . . . . . . . Fabnet Peak Effective % . | . . . . . . . . . . . . . . . . . . Robots Rewired 23 | . . . . 16 . . 2 . 5 . . . . . . . . Allies Hacked 3 | . . . . . . . . . 3 . . . . . . . . Hacks Repelled . | . . . . . . . . . . . . . . . . . . Allies | -11 -10 -10 -10 -7 -7 -5 -5 -5 -5 -4 -4 -4 -4 -4 -3 -3 -3 -------- Run | Yrd Mat Min Sub Rec Scr Fac Upp Upp War Pro Fac Upp Upp Zhi Pro Res Qua Total Allies 28 | . . . . 16 . 3 2 . 5 . . . 2 . . . . Largest Group 16 | . . . . 16 14 14 2 2 7 . . . 2 . . . . Highest-Rated Group 354 | . . . . 354 308 308 79 79 291 . . . 75 . . . . Highest-Rated Ally 49 | . . . . 40 40 40 49 49 49 . . . 46 . . . . Total Orders . | . . . . . . . . . . . . . . . . . . Ally Attacks 102 | . . . . 12 . 53 . . 33 . . . 4 . . . . Total Damage 2533 | . . . . 448 . 1093 . . 940 . . . 52 . . . . Kills 16 | . . . . 3 . 9 . . 4 . . . . . . . . Allies Corrupted 1 | . . . . . . . . . 1 . . . . . . . . Allies Melted 1 | . . . . . . . 1 . . . . . . . . . . Intel | -11 -10 -10 -10 -7 -7 -5 -5 -5 -5 -4 -4 -4 -4 -4 -3 -3 -3 ------- Run | Yrd Mat Min Sub Rec Scr Fac Upp Upp War Pro Fac Upp Upp Zhi Pro Res Qua Active Infowar (turns) 10418 | . 544 522 2060 . . 1418 261 . 1 . 1686 901 968 254 680 985 138 Sensors 6099 | . . . 972 . . . . . . . 1686 901 964 205 676 695 . IFF 378 | . . . . . . . . . . . . . . . . 378 . Structural 3061 | . . . 200 . . . . . . . . 896 910 204 560 288 3 Seismic 2686 | . 544 522 888 . . 471 261 . . . . . . . . . . Machine Analysis 1082 | . . . . . . 947 . . . . . . . . . . 135 Cloaking 1 | . . . . . . . . . 1 . . . . . . . . Jamming 133 | . . . . . . . . . . . . . 30 49 4 50 . Robot Analysis Total 4 | . . . . . . . . . . . . . . 4 . . . Derelict Logs Recovered 13 | . . 1 2 . 4 . 2 . . 1 . 2 1 . . . . Drone Launches . | . . . . . . . . . . . . . . . . . . Drone Recoveries . | . . . . . . . . . . . . . . . . . . Exploration | -11 -10 -10 -10 -7 -7 -5 -5 -5 -5 -4 -4 -4 -4 -4 -3 -3 -3 ------------- Run | Yrd Mat Min Sub Rec Scr Fac Upp Upp War Pro Fac Upp Upp Zhi Pro Res Qua Turns Passed 21510 | 184 587 522 2530 1151 2490 2213 1592 656 1231 1556 2625 901 968 254 709 1168 173 Spaces Moved 13294 | 83 308 230 1394 423 1174 1366 1093 521 795 939 1919 801 723 181 510 740 94 Core 188 | 7 . . . . . . . . . . . . . . . 129 52 Treads 1826 | 76 308 230 1212 . . . . . . . . . . . . . . Legs 9284 | . . . . . . 1193 1093 521 795 939 1919 801 723 181 510 609 . Wheels 1952 | . . . 182 423 1174 173 . . . . . . . . . . . Hover 42 | . . . . . . . . . . . . . . . . . 42 Flight 2 | . . . . . . . . . . . . . . . . 2 . Fastest Speed 40 | 50 160 160 160 210 210 96 120 120 110 110 92 107 112 120 120 40 48 Average Speed 134 | 150 160 160 170 210 210 133 127 120 117 110 97 107 120 120 120 112 107 Slowest Speed 610 | 160 160 160 610 210 210 190 190 120 120 110 173 112 183 183 120 183 250 Overloaded Moves . | . . . . . . . . . . . . . . . . . . Propulsion Burnouts . | . . . . . . . . . . . . . . . . . . Robots Hopped . | . . . . . . . . . . . . . . . . . . Potential Cave-ins 1 | . . . . . . . 1 . . . . . . . . . . Cave-ins Triggered . | . . . . . . . . . . . . . . . . . . Teleports 1 | . . . . . . . . . . . . . . . . . 1 Exploration Rate (%) 54 | 5 43 60 53 59 58 27 78 62 87 90 28 85 89 60 64 16 19 Regions Visited 17 Branch Regions 13 Pre-discovered Areas 9 | . . . 2 3 . . . . . . . . 1 3 . . . Known Exits Taken 7 | . . . . . . . . . . 1 1 1 1 1 1 1 . Unknown Exits Taken 10 | 1 1 1 1 1 1 1 1 1 1 . . . . . . . . Scrap Searched 22 | . . 1 . . 3 . 5 1 . 2 . 4 5 . 1 . . Spaces Dug 24 | . . . . . . 1 10 . . 1 1 1 1 . . 8 1 Terrain Destroyed 362 | . . . 64 . . 73 113 . 3 4 11 3 5 . 12 57 17 Melee 2 | . . . . . . 1 . . . . . . . . . 1 . Projectile 106 | . . . . . . 18 23 . 3 4 11 3 5 . 12 26 1 AOE 252 | . . . 64 . . 52 90 . . . . . . . . 30 16 Terrain Rammed . | . . . . . . . . . . . . . . . . . . Walls Destroyed . | . . . . . . . . . . . . . . . . . . Machines Disabled . | . . . . . . . . . . . . . . . . . . Actions | -11 -10 -10 -10 -7 -7 -5 -5 -5 -5 -4 -4 -4 -4 -4 -3 -3 -3 --------- Run | Yrd Mat Min Sub Rec Scr Fac Upp Upp War Pro Fac Upp Upp Zhi Pro Res Qua Total 15918 | 112 357 358 1505 657 1202 1589 1223 552 989 1403 2460 828 796 206 565 964 152 Wait 1272 | 1 11 100 18 29 8 34 23 28 45 435 331 10 36 5 26 96 36 Move 13277 | 82 307 229 1393 422 1173 1365 1092 520 794 938 1918 800 722 180 509 739 94 Hop . | . . . . . . . . . . . . . . . . . . Pick Up 103 | 7 4 6 26 3 9 18 5 . 7 . 10 1 5 . . 2 . Fast Attach 163 | 6 . . 4 . . 22 14 1 28 4 39 2 6 7 . 20 10 Attach 35 | . 1 1 . . . 16 2 1 2 . 5 . 3 . . 3 1 Detach 14 | . . . 1 . . 5 3 . 5 . . . . . . . . Swap 109 | . 5 3 21 . 3 12 11 1 4 1 18 6 5 2 11 6 . Drop 212 | . 5 2 17 3 9 33 15 1 36 3 45 4 8 6 3 21 1 Fire 471 | 16 24 13 25 16 . 74 48 . 41 22 88 5 11 6 16 56 10 Melee 7 | . . . . . . 5 . . 1 . . . . . . 1 . Ram 2 | . . . . . . . . . . . . . . . . 2 . Kick 26 | . . . . . . 2 . . . . 6 . . . . 18 . Crush 4 | . . 4 . . . . . . . . . . . . . . . Escape Stasis . | . . . . . . . . . . . . . . . . . . Rewire 220 | . . . . 184 . . 10 . 26 . . . . . . . . Trap . | . . . . . . . . . . . . . . . . . . Miscellaneous 3 | . . . . . . 3 . . . . . . . . . . . Route ------- -11/Scrapyard -10/Materials -10/Mines (discovered 2 exits: [*Mat] / *Sub) -10/Subcaves -7/Recycling -7/Scraptown -5/Factory (discovered 3 exits: *Fac x2 / *Upp) -5/Upper Caves -5/Upper Caves -5/Warlord -4/Proximity Caves -4/Factory (discovered 3 exits: *Res x2 / *Upp) -4/Upper Caves -4/Upper Caves (discovered 2 exits: *Res / *Zhi) -4/Zhirov -3/Proximity Caves -3/Research -3/Quarantine History --------- Turn | Location | Event 5 | -11/Scrapyard | Discovered new exit (range 16) 185 | -11/Scrapyard | Entered Materials 306 | -10/Materials | Build established: Mutant 441 | -10/Materials | Discovered new exit (range 15) 772 | -10/Materials | Entered Mines 825 | -10/Mines | Learned 4 Materials zone layouts 1166 | -10/Mines | Received a Rocket Launcher from a helpful Derelict 1172 | -10/Mines | Discovered new exit (range 12) 1233 | -10/Mines | Discovered new exit (range 5) 1294 | -10/Mines | Entered Subcaves 1295 | -10/Subcaves | Approached by a straggling Scientist 1428 | -10/Subcaves | Discovered new exit (range 12) 1473 | -10/Subcaves | Visited Clippyterm 2248 | -10/Subcaves | A swath of the cavern ceiling suddenly collapsed 2275 | -10/Subcaves | A swath of the cavern ceiling suddenly collapsed 2349 | -10/Subcaves | Learned location of Mines (-8) 2922 | -10/Subcaves | Learned location of Zion (-7) 3296 | -10/Subcaves | Shifting Twisted Machinery released Sub. Optics 3296 | -10/Subcaves | Shifting Twisted Machinery released Scrap Shield 3662 | -10/Subcaves | Found SUBCON Basin 3682 | -10/Subcaves | Build established: Hauler-Mutant 3824 | -10/Subcaves | Entered Recycling 4290 | -7/Recycling | Build established: Commander-Mutant 4777 | -7/Recycling | Scanned before Scraplab entrance 4809 | -7/Recycling | Entered Scraplab 4948 | -7/Recycling | Discovered new exit (range 2) 4975 | -7/Recycling | Entered Scraptown 4975 | -7/Scraptown | Accompanied by 14 allies 4980 | -7/Scraptown | System corruption cleaned by C-Scrubber 5047 | -7/Scraptown | Heard Great Nut preacher, LISTEN AND RECITE! 5129 | -7/Scraptown | Turned away by UFD registrar 5410 | -7/Scraptown | Visited Cave Peace 5435 | -7/Scraptown | Visited Shadow of the Wyrm 5506 | -7/Scraptown | Scanned Subdweller tech in exchange for log data 5510 | -7/Scraptown | Learned location of 1 exit from Factory 5512 | -7/Scraptown | Learned Research emergency access door positions 5515 | -7/Scraptown | Learned Factory terminal intel 5517 | -7/Scraptown | Learned Research security intel 5565 | -7/Scraptown | Visited Cyclists 5605 | -7/Scraptown | Visited Comm Corps 5701 | -7/Scraptown | Visited CR-KLE's Repair Center 5735 | -7/Scraptown | Visited SPCMW 5792 | -7/Scraptown | Visited Symbiants 6404 | -7/Scraptown | Discovered new exit (range 13) 7252 | -7/Scraptown | CR-KLE repaired 6 parts 7465 | -7/Scraptown | Entered Factory 7465 | -5/Factory | Accompanied by 14 allies 7465 | -5/Factory | Evolved 10 slots: Power x1, Propulsion x2, Utility x3, Weapon x4 7466 | -5/Factory | Identified exit to Factory 7467 | -5/Factory | Loaded intel: 26 terminal locations 7472 | -5/Factory | Released subatomizers from SUBCON Basin 7572 | -5/Factory | Lost 5 allies 7603 | -5/Factory | Discovered new exit (range 6) 7722 | -5/Factory | Lost 6 allies 7966 | -5/Factory | Build established: Scavenger-Tank 8024 | -5/Factory | Lost 3 allies 8414 | -5/Factory | Build established: Scavenger-Executioner 8553 | -5/Factory | System corruption reached 10% 8725 | -5/Factory | Discovered exit to Factory (range 15) 9070 | -5/Factory | Sterilization system engaged 9070 | -5/Factory | Non-combat units ordered to evacuate 9170 | -5/Factory | Combat units ordered to evacuate 9299 | -5/Factory | Lost 3 allies 9370 | -5/Factory | Ambient heat levels rising (+10) 9520 | -5/Factory | Ambient heat levels rising (+10) 9621 | -5/Factory | Build established: Tank 9670 | -5/Factory | Ambient heat levels rising (+10) 9678 | -5/Factory | Entered Upper Caves 9706 | -5/Upper Caves | Learned Factory terminal intel 9710 | -5/Upper Caves | Spotted B-75 Beast 9742 | -5/Upper Caves | Encountered a Warlord checkpoint 10061 | -5/Upper Caves | Build established: Scavenger-Executioner 10300 | -5/Upper Caves | Attached CPS modules to JM-MYL 10465 | -5/Upper Caves | Learned Factory emergency access door positions 10572 | -5/Upper Caves | Build established: Derelict-Executioner 10807 | -5/Upper Caves | Attracted the attention of an 0b10 outpost 10892 | -5/Upper Caves | Destroyed 7 combat bots 10958 | -5/Upper Caves | Discovered new exit (range 5) 11270 | -5/Upper Caves | Entered another Upper Caves area 11270 | -5/Upper Caves | Accompanied by 2 allies 11608 | -5/Upper Caves | Encountered a Warlord checkpoint 11849 | -5/Upper Caves | Discovered new exit (range 5) 11926 | -5/Upper Caves | Entered Warlord 11926 | -5/Warlord | Accompanied by 2 allies 11969 | -5/Warlord | System corruption cleaned by Quarantine Array 12073 | -5/Warlord | Found Prototype Special Weapon 12073 | -5/Warlord | Identified RU-N14's Throwing Claymores v3 12080 | -5/Warlord | Found RU-N14's Throwing Claymores v3 12083 | -5/Warlord | Found RU-N14's Throwing Claymores v3 12087 | -5/Warlord | Found RU-N14's Throwing Claymores v3 12091 | -5/Warlord | Found RU-N14's Throwing Claymores v3 12135 | -5/Warlord | Tech Extrapolator generated special schematic: Machine Rigger 12515 | -5/Warlord | Build established: Commander-Executioner 12600 | -5/Warlord | Warlord's base attacked by MAIN.C 12621 | -5/Warlord | Found Prototype Energy Gun 12621 | -5/Warlord | Identified Vortex Shotgun 12625 | -5/Warlord | Found Vortex Shotgun 12630 | -5/Warlord | Found Prototype Piercing Weapon 12630 | -5/Warlord | Identified Vortex Lance 12674 | -5/Warlord | Found Prototype Device 12674 | -5/Warlord | Identified Exp. Cloaking Device 12690 | -5/Warlord | Found Prototype Processor 12690 | -5/Warlord | Identified Exp. Armor Integrity Analyzer 12697 | -5/Warlord | Found Prototype Device 12697 | -5/Warlord | Identified Exp. Focal Shield 12769 | -5/Warlord | Met Warlord 12872 | -5/Warlord | P-70 Sage assimilated allied Sentinel 6a 12873 | -5/Warlord | Lost 4 allies 12950 | -5/Warlord | Warlord forces counterattacked 12978 | -5/Warlord | Spotted Striker 12986 | -5/Warlord | Destroyed Striker 12995 | -5/Warlord | Spotted Executioner 13019 | -5/Warlord | Spotted Striker 13020 | -5/Warlord | Spotted Striker 13067 | -5/Warlord | Lost 7 allies 13085 | -5/Warlord | Discovered new exit (range 14) 13103 | -5/Warlord | Spotted B-75 Beast 13106 | -5/Warlord | Spotted B-86 Titan 13157 | -5/Warlord | Entered Proximity Caves 13162 | -4/Proximity Caves | Learned Research emergency access door positions 13175 | -4/Proximity Caves | Lost 16 allies 13190 | -4/Proximity Caves | Tech Extrapolator generated special schematic: Energy Deflector 13195 | -4/Proximity Caves | Build established: Scavenger-Executioner 13537 | -4/Proximity Caves | Tech Extrapolator generated special schematic: Heat Bomb Trap 13906 | -4/Proximity Caves | Attracted the attention of an 0b10 checkpoint 13913 | -4/Proximity Caves | Received a Behemoth hack from an annoying Tinkerer 14067 | -4/Proximity Caves | Discovered exit to Factory (range 9) 14214 | -4/Proximity Caves | Attracted the attention of an 0b10 outpost 14713 | -4/Proximity Caves | Entered Factory 14713 | -4/Factory | Evolved 2 slots: Utility x2 14715 | -4/Factory | Loaded intel: 26 terminal locations 15116 | -4/Factory | Garrison activated, responded to threat 15133 | -4/Factory | Discovered new exit (range 6) 15168 | -4/Factory | Spotted B-86 Titan 15174 | -4/Factory | Destroyed B-86 Titan 15306 | -4/Factory | Discovered new exit (range 4) 15340 | -4/Factory | Identified exit to Upper Caves 15460 | -4/Factory | Repaired Lgt. Quantum Reactor 15806 | -4/Factory | Found Unknown Protection 15806 | -4/Factory | Identified Hvy. Reactive Plating 16118 | -4/Factory | Build established: Executioner 16216 | -4/Factory | Found Prototype Launcher 16216 | -4/Factory | Identified Com. Tesla Bomb Launcher 16540 | -4/Factory | Discovered new exit (range 8) 16963 | -4/Factory | First assault squad dispatched 16983 | -4/Factory | Tech Extrapolator generated special schematic: Deep Structural Scanner 17176 | -4/Factory | Fabricated Deep Structural Scanner? 17250 | -4/Factory | Lost 6 parts (3p3w) 17338 | -4/Factory | Entered Upper Caves 17361 | -4/Upper Caves | Learned Research stockpile data 17590 | -4/Upper Caves | Build established: Scavenger-Executioner 17592 | -4/Upper Caves | Attracted the attention of an 0b10 checkpoint 18026 | -4/Upper Caves | Discovered new exit (range 9) 18235 | -4/Upper Caves | Identified exit to Upper Caves 18239 | -4/Upper Caves | Entered another Upper Caves area 18256 | -4/Upper Caves | Attracted the attention of an 0b10 checkpoint 18293 | -4/Upper Caves | Lost 4 parts (1n2u1w) 18322 | -4/Upper Caves | Discovered new exit (range 15) 18340 | -4/Upper Caves | Identified exit to Research 18537 | -4/Upper Caves | Learned Armory trap positions 18537 | -4/Upper Caves | Learned Factory emergency access door positions 18537 | -4/Upper Caves | Learned Extension security intel 18537 | -4/Upper Caves | Learned Factory garrison access intel 18547 | -4/Upper Caves | Entered an active Warlord outpost 18555 | -4/Upper Caves | A Commander dispatched an escort 18732 | -4/Upper Caves | Discovered new exit (range 13) 19174 | -4/Upper Caves | Identified exit to Zhirov 19207 | -4/Upper Caves | Entered Zhirov 19207 | -4/Zhirov | Accompanied by 2 allies 19207 | -4/Zhirov | Discovered new exit (range 3) 19208 | -4/Zhirov | Commander's escort returned to base 19208 | -4/Zhirov | Commander's escort returned to base 19229 | -4/Zhirov | Met Zhirov 19251 | -4/Zhirov | Learned location of Quarantine (-3) 19251 | -4/Zhirov | Learned location of Command (-1) 19261 | -4/Zhirov | Zhirov requested help retrieving the SGEMP Prototype 19280 | -4/Zhirov | Found Alien Artifact 19280 | -4/Zhirov | Identified Integrated Dissipator 19280 | -4/Zhirov | Installed Integrated Dissipator, increased core heat dissipation (+20) 19453 | -4/Zhirov | Identified exit to Proximity Caves 19461 | -4/Zhirov | Entered Proximity Caves 19504 | -3/Proximity Caves | Attracted the attention of an 0b10 checkpoint 19957 | -3/Proximity Caves | System corruption reached 10% 20018 | -3/Proximity Caves | Spotted B-86 Titan 20035 | -3/Proximity Caves | Destroyed B-86 Titan 20065 | -3/Proximity Caves | Lost 4 parts (1p3w) 20086 | -3/Proximity Caves | Discovered exit to Research (range 14) 20170 | -3/Proximity Caves | Entered Research 20170 | -3/Research | Evolved 2 slots: Propulsion x1, Utility x1 20171 | -3/Research | Identified exit to Quarantine 21150 | -3/Research | Lost 3 parts (1n1u1w) 21181 | -3/Research | System corruption reached 10% 21262 | -3/Research | Lost 13 parts (2p3n3u5w) 21303 | -3/Research | Core integrity fell below 50% 21313 | -3/Research | Spotted B-86 Titan 21316 | -3/Research | Core integrity fell below 20% 21338 | -3/Research | Entered Quarantine 21341 | -3/Quarantine | Lost 6 parts (2n3u1w) 21433 | -3/Quarantine | Found Alien Artifact 21433 | -3/Quarantine | Identified Hpw. Transdimensional Reconstructor 21433 | -3/Quarantine | Warped through subspace 21510 | -3/Quarantine | Build established: Mutant 21511 | -3/Quarantine | Destroyed by S-43 Plague with Heavy Machine Gun Last Messages --------------- 21411_ HV Slug penetrates Suspension Chamber. 21426_ FXR0ZZ&KTO AUKH2T&DH>HTBDX%H9/V 21433_ Acquired Alien Artifact. 21433_ Identified Hpw. Transdimensional Reconstructor. 21433_ Warped through subspace. 21435_ HV Slug penetrates Cryocooling Duct. 21444_ System corrupted: Matter fused (-10). 21460_ System corrupted: Energy discharge (-24). 21482_ Acquired Prototype Device. 21482_ Identified Quantum Shading Machine. 21490_ Dark Matter Chamber disabled. 21494_ The unstable cave ceiling collapses. 21497_ System corrupted: Substantial component data lost. 21500_ S-43 Plague destroyed. 21500_ Quarantine Pod disabled. 21500_ S-43 Plague destroyed. 21502_ HV Slug penetrates Wall. 21510_ HV Slug penetrates S-43 Plague. 21510_ S-43 Plague suffers critical hit (Destroy). 21510_ Destroyed Xenon Bombardment Thruster. Map ----- +----------------------------------------------------+ | | | | | | | | | | | | | | | | | | | | | | | | | | | ???????###############???????????????????????????? | | ???????# #???????????????????????????? | | ???????# #???####????????????????????? | | ???????# #??# ######???????????????? | | ???????# """"""""" #### =#???????????????? | | ???????# """ """ # #???????????????? | | ???????# + #???????????????? | | ???????#######+## # " !#???????????????? | | ???????????# #???????????????? | | ???????? """ #???????????????? | | ???????? """ % """ #???????????????? | | ???????????? """" #%s """ #???????????????? | | ???????????# """ #@ #???????????????? | | ???????????# ##########???????????????? | | ???????????# """ " #????????????????????????? | | ???????????# """ """ #??"""???????????????????? | | ???????????# """"""" #???R"???????????????????? | | ???????????# ??? #??"""???????????????????? | | ???????????# ????? #????????????????????????? | | ???????????# ????? #????????????????????????? | | ??????????? ????= ?????????????????????????? | | ???????????? ????? ?????????????????????????? | | ????????????????? ?????????????????????????? | | ????????????????? ?????????????????????????? | | ??????????????????? ?????????????????????????? | | ?????????????????????###?????????????????????????? | | ?????????????????????????????????????????????????? | | ?????????????????????????????????????????????????? | | ?????????????????????????????????????????????????? | | ?????????????????????????????????????????????????? | | ?????????????????????????????????????????????????? | | ?????????????????????????????????????????????????? | | ?????????????????????????????????????????????????? | | ?????????????????????????????????????????????????? | | ?????????????????????????????????????????????????? | | ?????????????????????????????????????????????????? | | ?????????????????????????????????????????????????? | +----------------------------------------------------+ Best States ------------- Heat Dissipation 112 Coolant Potential 120 Energy Generation 41 Energy Capacity 415 Matter Stores 300 Matter Capacity 300 Sight Range 16 Robot Scan Range 16 Terrain Scan Density 85 Jamming Range 16 Power Amplification 20 Additional Mass Support 16 Base Temperature (-) 200 Armor Coverage 600 Resistance: KI 30 Evasion (%) 70 Targeting Accuracy 6 Target Analysis 8 Core Analysis 6 Recoil Reduction 2 Particle Charging 30 Offensive Hacking 14 Defensive Hacking 10 Item Schematics ----------------- Mak. Power Source | -5/Factory | Extrapolated Mak. Hacking Suite | -5/Factory | Extrapolated Beamcaster | -5/Factory | Extrapolated Mak. Terrain Scanner | -5/Factory | Extrapolated 0b10 Decoder Chip [Skirmisher] | -5/Factory | Extrapolated Mak. Core Shielding | -5/Factory | Extrapolated Mak. Medium Armor Plating | -5/Factory | Extrapolated Mak. Ablative Armor | -5/Factory | Extrapolated Mak. Coolant Network | -5/Upper Caves | Extrapolated 0b10 Decoder Chip [Generic] | -5/Upper Caves | Extrapolated 0b10 Decoder Chip [Scout] | -5/Upper Caves | Extrapolated Mak. Salvage Targeting Computer | -5/Upper Caves | Extrapolated Bore Cannon | -5/Upper Caves | Extrapolated Hvy. Beamcaster | -5/Upper Caves | Extrapolated Arc Thrower | -5/Upper Caves | Extrapolated Mak. Thermal Plating | -5/Warlord | Extrapolated Machine Rigger | -5/Warlord | Extrapolated Imp. Arc Thrower | -5/Warlord | Extrapolated Hvy. Battle Rifle | -5/Warlord | Extrapolated Plasma Flamer | -5/Warlord | Extrapolated Spk. Medium Treads | -5/Warlord | Extrapolated Spk. Heavy Treads | -5/Warlord | Extrapolated Mak. System Shield | -5/Warlord | Extrapolated Mak. Kinetic Plating | -5/Warlord | Extrapolated Multitool | -5/Warlord | Extrapolated Energy Deflector | -4/Proximity Caves | Extrapolated Heat Bomb Trap | -4/Proximity Caves | Extrapolated Mak. Flight Unit | -4/Factory | Extrapolated Mak. Transmission Jammer | -4/Factory | Extrapolated Mak. System Restoration Module | -4/Factory | Extrapolated Tactical Coordination Suite | -4/Factory | Extrapolated Deep Structural Scanner | -4/Factory | Extrapolated Assault Drone Bay | -4/Zhirov | Free Exp. Heat Sink | -4/Zhirov | Free Exp. Optical Array | -4/Zhirov | Free Robot Schematics ------------------ None Fabricated ------------ Deep Structural Scanner | x1 | -4/Factory Repaired ---------- Lgt. Quantum Reactor | 16% | -4/Factory Studied --------- None Alien Tech Used ----------------- Integrated Dissipator High-powered Transdimensional Reconstructor Achievements -------------- Into The Furnace No Room For Error Pestilence Challenges ------------ None Game ------ Seed MiningScrapDoomcannon Manual? 0 Play Time 02:48:51 Cumulative 698.7 hours Start 2026.08.26 @ 11:10:03 End 2026.08.28 @ 23:48:43 Sessions 10 Manual Loads 0 Difficulty Rogue Special Mode None Game No. 392 Rogue 367 Adventurer 7 Explorer 18 Win Type - Total 69 Types 44/3/9/2/2/1/2/4/0/2 Lore% 95 Gallery% 88 Achievement% 77 Wizard Run 0 Options --------- Layout 0 ASCII 0 Keyboard 0 Movement Numpad Keybinds 0 Fullscreen 1 Font 18/SmallcapsGlow Map View 76x50 Zoom Use 0% Tactical HUD 1 Map Filters NONE Filters NONE Steam 1 RUN: ba9fa0f6-286f-4db3-8352-c78f45e8e01e